 Dungeon Crawl Stone Soup version 0.22.1-1-ga44c0e56f4 (webtiles) character file.

220 Naru the Skirmisher (level 5, -8/48 HPs)
             Began as a Hill Orc Monk on Nov 6, 2018.
             Mangled by an ogre
             ... wielding a +0 giant club
              (17 damage)
             ... on level 3 of the Dungeon.
             The game lasted 00:09:01 (3030 turns).

Naru the Skirmisher (Hill Orc Monk)                 Turns: 3030, Time: 00:09:02

Health: -8/48      AC:  7    Str: 15    XL:     5   Next: 97%
Magic:  5/5        EV: 12    Int: 10    God:
Gold:   158        SH:  0    Dex: 13    Spells: 4/4 levels left

rFire    . . .     SeeInvis .   b - +0 hunting sling
rCold    + . .     Gourm    .   (no shield)
rNeg     . . .     Faith    .   i - +2 leather armour {rC+}
rPois    .         Spirit   .   (no helmet)
rElec    .         Reflect  .   (no cloak)
rCorr    .         Harm     .   h - +1 pair of gloves
MR       .....                  (no boots)
Stlth    ++........             (no amulet)
HPRegen  0.16/turn              (no ring)
MPRegen  0.09/turn              (no ring)

@: no status effects
A: no striking features
a: no special abilities


You were on level 3 of the Dungeon.
You were very hungry.

You visited 1 branch of the dungeon, and saw 4 of its levels.

You collected 158 gold pieces.

Inventory:

Hand Weapons
 a - a +2 dagger of venom
 b - a +0 hunting sling (weapon)
 n - a +0 falchion of slicing
Missiles
 k - 109 stones (quivered)
 l - 20 sling bullets
 r - 7 poisoned needles
Armour
 h - a +1 pair of gloves (worn)
 i - a +2 leather armour of cold resistance (worn)
Jewellery
 u - a +2 ring of evasion {unknown}
Scrolls
 e - 5 scrolls of remove curse
 g - a scroll of amnesia {unknown}
 j - 2 scrolls of identify
 s - a scroll of magic mapping {unknown}
Potions
 d - 3 potions of curing
 m - 2 potions of berserk rage {unknown}
 o - a potion of mutation {unknown}
 p - 2 potions of agility {unknown}
 q - a potion of heal wounds {unknown}
 t - a potion of degeneration {unknown}
Comestibles
 c - 7 rations


   Skills:
 * Level 5.3 Fighting
 * Level 2.7 Short Blades
   Level 3.4 Maces & Flails
 + Level 1.2 Slings
 + Level 1.8 Armour
 - Level 2.9 Dodging
 - Level 1.5 Stealth


You had 4 spell levels left.
You didn't know any spells.
Your spell library was empty.

Dungeon Overview and Level Annotations

Branches:
Dungeon (4/15)
 Temple: D:4-7

Altars:
Makhleb
Okawaru
Trog
Xom

Annotations:
D:2 2 transporters


Message History

There is a stone staircase leading down here.
The ogre hits you with a giant club! The ogre barely misses you.
The ogre closely misses you. The ogre hits you with a giant club.
There is a stone staircase leading down here.
The ogre hits you with a giant club! The ogre hits you with a giant club!
You are feeling very hungry.
The ogre barely misses you.
There is a stone staircase leading down here.
The ogre barely misses you. The ogre barely misses you.
You see here a ring mail.
The ogre misses you. The ogre closely misses you.
The ogre hits you with a giant club!
* * * LOW HITPOINT WARNING * * *
The ogre hits you with a giant club!
You die...

.####.#.....[..##.....#
#.#.##.
....<.#...............#
#.#.##.
.####.#........##.#.#.#
#.#.##. .#
#.#.....#..##.#.#.#####......
.#
#.#..^....>##..[..........###
##
#..........##.#.#.######### #
######.###.##.....# #
#.###.O....### # #......@.###
# ########## # ###########
..........# #########.##### #
#....)..# ### #.#.###.# ..#
##.#..##.#


You could see an ogre.

Vanquished Creatures
  A phantom (D:3)
  3 adders
  6 worms
  A dart slug (D:3)
  4 leopard geckos
  2 orcs (D:3)
  4 giant cockroaches
  7 goblins
  12 hobgoblins
  7 jackals (D:3)
  6 kobolds
  4 quokkas
  2 ball pythons
  6 bats
  5 frilled lizards
  7 rats
77 creatures vanquished.

Notes
Turn   | Place    | Note
-------+----------+-------------------------------------------
     0 | D:1      | Naru the Hill Orc Monk began the quest for the Orb.
     0 | D:1      | Reached XP level 1. HP: 19/19 MP: 1/1
   254 | D:1      | Reached XP level 2. HP: 24/27 MP: 2/2
   259 | D:1      | Reached skill level 4 in Fighting
   772 | D:2      | Reached XP level 3. HP: 34/34 MP: 3/3
   829 | D:2      | Found a shimmering altar of Xom.
   887 | D:2      | Found a transporter.
   894 | D:2      | Noticed a scorpion
   896 | D:2      | Found a transporter.
   960 | D:2      | Reached skill level 1 in Short Blades
  1014 | D:2      | Found a burning altar of Makhleb.
  1014 | D:2      | Found an iron altar of Okawaru.
  1114 | D:2      | Found a bloodstained altar of Trog.
  1140 | D:2      | Reached XP level 4. HP: 38/41 MP: 4/4
  1848 | D:3      | Found a faded altar of an unknown god.
  1889 | D:3      | Reached skill level 1 in Armour
  2215 | D:3      | Reached skill level 5 in Fighting
  2314 | D:3      | Reached XP level 5. HP: 48/48 MP: 5/5
  2515 | D:3      | Noticed a phantom
  2571 | D:3      | Killed a phantom
  2571 | D:3      | Reached skill level 1 in Slings
  2950 | D:4      | Noticed an ogre
  3030 | D:3      | Mangled by an ogre

Skill      XL: |  1  2  3  4  5 |
---------------+----------------+-----
Fighting       | 4 5 |  5.3
Short Blades   | 1 2 |  2.7
Armour         | 1 |  1.8
Slings         | 1 |  1.2
Maces & Flails | |  3.4
Dodging        | |  2.9
Stealth        | |  1.5

Action                   |  1- 3 |  4- 6 || total
-------------------------+-------+-------++-------
Melee: Dagger            |   133 |   125 ||   258
       Mace              |     8 |       ||     8
 Fire: Hunting sling     |       |    44 ||    44
Throw: Stone             |       |     2 ||     2
  Use: Scroll            |       |     6 ||     6
 Stab: Sleeping          |     2 |     1 ||     3
  Eat: Chunk             |     1 |     5 ||     6
Armor: Robe              |     2 |       ||     2
       Leather armour    |    37 |    31 ||    68
Dodge: Dodged            |    94 |    57 ||   151
